 Dungeon Crawl Stone Soup version 0.32-a0-520-g344ed53f66 (webtiles) character file.

Game seed: 17165924459342192578

154 cforsyth the Chopper (level 5, -6/41 HPs)
             Began as a Coglin Gladiator on Feb 27, 2024.
             Mangled by a kobold brigand
             ... wielding a +3 short sword of freezing
              (7 damage)
             ... in a sewer.
             The game lasted 00:03:03 (1524 turns).

cforsyth the Chopper (Coglin Gladiator)             Turns: 1524, Time: 00:03:04

Health: -6/41      AC:  4    Str: 16    XL:     5   Next: 35%
Magic:  5/5        EV: 12    Int:  8    God:
Gold:   101        SH:  0    Dex: 15    Spells: 4/4 levels left

rFire   . . .        a - +0 war axe {Hachiro}
rCold   . . .        g - +0 hand axe {Cipactli}
rNeg    . . .        b - +0 leather armour
rPois   .            c - +0 helmet
rElec   .            (no cloak)
rCorr   .            (no gloves)
SInv    .            (no boots)
Will    .....        (no amulet)
Stlth   +            (ring unavailable)
HPRegen 0.26/turn    (ring unavailable)
MPRegen 0.09/turn

%: no passive effects
@: revved
A: off-hand wielding, slow wielding, warmup strikes, no rings
a: no special abilities


You were in a sewer.
You visited 1 branch of the dungeon, and saw 3 of its levels.
You also visited: Sewer.

You collected 101 gold pieces.


Innate Abilities, Weirdness & Mutations

You can wield a second weapon in your off-hand.
It takes a long time for you to wield or remove held weapons.
Your first few attacks do less damage.
Your grasper-arms cannot wear rings.


   Skills:
 + Level 3.5 Fighting
 + Level 4.1 Axes
 - Level 1.7 Throwing
 + Level 2.3 Armour
 - Level 2.6 Dodging


You had 4 spell levels left.
You didn't know any spells.
Your spell library was empty.

Inventory:

Hand Weapons
 a - a +0 war axe (weapon) {Hachiro}
 g - a +0 hand axe (offhand) {Cipactli}
Missiles
 d - 3 throwing nets (quivered) {=f}
 e - a javelin
Armour
 b - a +0 leather armour (worn)
 c - a +0 helmet (worn)
 k - a +0 pair of boots
Scrolls
 i - a scroll of identify {@r1}
Potions
 h - 2 potions of enlightenment

Dungeon Overview and Level Annotations

Branches:
Dungeon (3/15)              Sewer (1/1)

Altars:
Dithmenos

Shops:
D:1 (

Annotations:
D:2 1 runed translucent door, Crazy Yiuf

##### ##..∩# #####
..†######...#### ▓▓▓ ▓▓≈
..#####........#▓..▓..▒≈
...##...........▓K....▒≈
................@KK..▓
.........~~~~~~†▓K....▒≈
~~~~~~~~~~≈≈~~≈~▓..▓.!▒≈
≈~≈≈~~~~≈~≈≈≈≈≈≈▓▓▓▓ ▓▓≈
~≈≈≈≈≈≈≈≈≈≈≈≈≈≈≈≈≈
≈≈≈≈≈≈≈≈≈≈≈≈≈≈≈≈≈≈≈
~≈≈≈≈≈≈≈≈≈≈≈≈≈≈≈≈≈≈≈
~~~≈≈≈~≈~≈≈≈≈≈≈≈≈≈≈≈


You could see 4 kobold brigands.


Message History

You hit the kobold brigand with your +0 hand axe.
The kobold brigand is heavily wounded.
You hit the kobold brigand but do no damage.
You barely miss the kobold brigand with your +0 hand axe.
You miss the kobold brigand with your +0 war axe.
You hit the kobold brigand with your +0 war axe.
You closely miss the kobold brigand with your +0 war axe.
The kobold brigand closely misses you.
The kobold brigand hits you with a +3 short sword of freezing.
* * * LOW HITPOINT WARNING * * *
The kobold brigand freezes you.
* * * LOW HITPOINT WARNING * * *
The kobold brigand closely misses you.
The ball python bites you but does no damage.
Unknown command.
Unknown command.
Unknown command.
You slash the kobold brigand with your +0 war axe!
The kobold brigand is almost dead.
You closely miss the ball python with your +0 war axe.
You hit the kobold brigand but do no damage.
You barely miss the kobold brigand with your +0 war axe.
You completely miss the kobold brigand with your +0 hand axe.
You miss the kobold brigand with your +0 hand axe.
You hit the kobold brigand but do no damage.
You hit the ball python with your +0 hand axe.
You kill the ball python!
The kobold brigand hits you but does no damage.
The kobold brigand hits you with a +3 short sword of freezing!
You die...

Skill      XL: |  1  2  3  4  5 |
---------------+----------------+-----
Armour         | 1 2 |  2.3
Fighting       | 3 |  3.5
Axes           | 4 |  4.1
Throwing       | |  1.7
Dodging        | |  2.6

Action                     |  1- 3 |  4- 6 || total
---------------------------+-------+-------++-------
  Melee: War axe           |    89 |    41 ||   130
         Hand axe          |    10 |    40 ||    50
    Use: Potion            |     1 |       ||     1
         Scroll            |       |     3 ||     3
   Stab: Sleeping          |       |     2 ||     2
 Armour: Leather armour    |    47 |    33 ||    80
  Dodge: Dodged            |    63 |    38 ||   101
         Repelled          |     3 |       ||     3

Levels and vault maps discovered:
D:1:      dpeg_chamrin_arrival_tetris, layout_rooms, serial_shops,
          nicolae_shop_waterfront, minmay_misc_feat_rows, minmay_misc_feat_tower
D:2:      cheibrodos_old_hovel, layout_loops_ring, uniq_natasha,
          uniq_crazy_yiuf_cottage
D:3:      minmay_chambers_of_threes, layout_loops_ring,
          kennysheep_okawaru_gauntlet, mainiacjoe_overflow_brackets,
          old_standard_altar, cheibrodos_sewer_entry_drain
Sewer:    sewer_minmay_treatment

Notes
Turn   | Place    | Note
-------+----------+-------------------------------------------
     0 | D:1      | cforsyth the Coglin Gladiator began the quest for the Orb.
     0 | D:1      | Reached XP level 1. HP: 16/16 MP: 1/1
    69 | D:1      | Reached XP level 2. HP: 22/22 MP: 2/2
   325 | D:1      | Reached skill level 1 in Armour
   365 | D:1      | Reached XP level 3. HP: 28/28 MP: 3/3
   369 | D:1      | Found Nan Vyss's Antique Weapon Emporium.
   867 | D:2      | Reached skill level 3 in Fighting
   867 | D:2      | Reached XP level 4. HP: 34/35 MP: 4/4
  1041 | D:2      | Noticed Natasha
  1049 | D:2      | Reached skill level 2 in Armour
  1055 | D:2      | Killed Natasha
  1056 | D:2      | Reached XP level 5. HP: 24/41 MP: 5/5
  1249 | D:2      | Reached skill level 4 in Axes
  1369 | D:2      | Found a runed translucent door.
  1370 | D:2      | Noticed Crazy Yiuf
  1417 | D:3      | Found a shadowy altar of Dithmenos.
  1417 | D:3      | Found a glowing drain.
  1448 | Sewer    | Entered a sewer
  1516 | Sewer    | Noticed a kobold brigand
  1516 | Sewer    | Noticed a kobold brigand
  1516 | Sewer    | Noticed a kobold brigand
  1516 | Sewer    | Noticed a kobold brigand
  1523 | Sewer    | HP: 2/41 [kobold brigand/+3 short sword of freezing (5)]
  1524 | Sewer    | Mangled by a kobold brigand

Vanquished Creatures
  Natasha (D:2)
  3 gnolls (D:2)
  3 adders (D:2)
  A river rat (Sewer)
  3 dart slugs
  2 ribbon worms (D:3)
  3 bats (D:1)
  6 endoplasms
  5 giant cockroaches
  4 goblins
  4 hobgoblins
  3 quokkas
  3 ball pythons
  4 frilled lizards
  5 kobolds
  7 rats
57 creatures vanquished.

Table legend: (Time is in decaauts)
 A = Elapsed time spent in this place.
 B = Non-inter-level travel time spent in this place.
 C = Inter-level travel time spent in this place.
 D = Time resting spent in this place.
 E = Time spent auto-exploring this place.
 F = Levels seen in this place.
 G = Mean time per level.
                   A        B        C        D        E       F      G
               +--------+--------+--------+--------+--------+-----+--------+
         Total |   1565 |   1521 |     44 |      3 |   1114 |   4 |  391.2 |
       Dungeon |   1488 |   1444 |     44 |      0 |   1066 |   3 |  496.0 |
         Sewer |     77 |     77 |      0 |      3 |     48 |   1 |   77.0 |
               +--------+--------+--------+--------+--------+-----+--------+

Top non-repeatable levels by time:
     D:2: 804 daAuts
     D:1: 642 daAuts
   Sewer: 77 daAuts
     D:3: 41 daAuts

Table legend:
 A = Non-vault XP
 B = Vault XP
 C = Vault XP percentage of total XP
 D = Non-vault monster count
 E = Vault monster count
 F = Vault count percentage of total count
                 A         B        C        D         E       F
            +---------+---------+-------+---------+---------+-------
      Total |     157 |      65 |  29.3 |      48 |       9 |  15.8
            +---------+---------+-------+---------+---------+-------
        D:1 |      43 |       0 |   0.0 |      24 |       0 |   0.0
        D:2 |     112 |      37 |  24.8 |      23 |       2 |   8.0
        D:3 |       2 |      12 |  85.7 |       1 |       4 |  80.0
      Sewer |       0 |      16 | 100.0 |       0 |       3 | 100.0
            +---------+---------+-------+---------+---------+-------
